 Dungeon Crawl Stone Soup version 0.25-a0-513-ge77a692 (webtiles) character file.

Game seed: 5064060134009243303, levelgen mode: deterministic

63 wolfsongas the Skirmisher (level 4, -3/30 HPs)
             Began as a Gargoyle Monk on Feb 15, 2020.
             Was a Believer of Zin.
             Splashed by a jelly's acid (4 damage)
             ... on level 2 of the Dungeon.
             The game lasted 00:02:31 (747 turns).

wolfsongas the Skirmisher (Gargoyle Monk)            Turns: 747, Time: 00:02:31

Health: -3/30      AC: -2    Str: 15    XL:     4   Next: 9%
Magic:  4/4        EV: 12    Int: 11    God:    Zin [**....]
Gold:   77         SH:  0    Dex: 12    Spells: 3/3 levels left

rFire    . . .     SeeInvis .   a - +0 mace
rCold    . . .     Gourm    .   (no shield)
rNeg     + . .     Faith    .   b - +0 robe
rPois    ∞         Spirit   .   (no helmet)
rElec    +         Reflect  .   (no cloak)
rCorr    .         Harm     .   (no gloves)
MR       .....                  (no boots)
Stlth    ++........             (no amulet)
HPRegen  0.10/turn              (no ring)
MPRegen  0.09/turn              (no ring)

@: corroded, very slightly contaminated, invisible
A: negative energy resistance 1, electricity resistance, unbreathing,
petrification resistance, rot immunity, AC +3
a: Recite, Vitalisation, Donate Gold, Renounce Religion


You were on level 2 of the Dungeon.
You worshipped Zin.
Zin was pleased with you.
You were not hungry.

You visited 1 branch of the dungeon, and saw 2 of its levels.

You collected 85 gold pieces.
You donated 8 gold pieces to Zin.

Inventory:

Hand Weapons
 a - a +0 mace (weapon)
Armour
 b - a +0 robe (worn)
Scrolls
 e - a scroll of random uselessness {unknown}
 f - a scroll of identify {unknown}
Comestibles
 c - 4 rations


   Skills:
 * Level 4.7 Fighting
 + Level 3.6 Maces & Flails
 - Level 2.4 Dodging
 - Level 2.1 Stealth


You had 3 spell levels left.
You didn't know any spells.
Your spell library was empty.

Dungeon Overview and Level Annotations

Branches:
Dungeon (1/15)

Altars:
Hepliaklqana
Zin


Innate Abilities, Weirdness & Mutations

You are resistant to torment.
Your stone body is resilient. (AC +3)
You are immune to poison.
You resist negative energy. (rN+)
You are resistant to electric shocks. (rElec)
You can survive without breathing.
You are immune to petrification.
You are immune to rotting.


Message History

You hit the ooze.
The ooze is heavily wounded.
The ooze closely misses you. The ooze hits you but does no damage.
You hit the ooze but do no damage.
The ooze is heavily wounded.
The ooze barely misses you.
The jelly jiggles.
You sock the ooze!
You kill the ooze!
You hit the jelly but do no damage.
Your hands burn!
The jelly hits you but does no damage.
You hit the jelly.
Your hands burn!
The jelly is moderately wounded.
The jelly barely misses you.
You sock the jelly!
Your hands burn!
The jelly is severely wounded.
The jelly hits you. The acid corrodes you!
You are splashed with acid!
* * * LOW HITPOINT WARNING * * *
You hit the jelly. The acid corrodes you!
Your hands burn!
You die...

##.....###.#.#..#.#
#.......##.#.#..#.#
#.......##.#.#..#.#
#.......##.#.#..#.#
#.......##...#..#.#
#....######).#...[.
#....'..###..#....#
########.##........
##@..)..###..#...##
#J####### #..#.....
#.÷..JP...
#....#.##
#...JJ..J.
#...##.##
#.P.J...÷.
#......##
#.PJP....÷
#.#.#####
#..JP..J..
#.#..####
#÷P..÷÷..$
#........
##########
#.##.####


You could see a jelly.

Vanquished Creatures
  A worker ant (D:2)
  4 oozes (D:2)
  A leopard gecko (D:1)
  A bat (D:2)
  2 giant cockroaches
  2 goblins
  A hobgoblin (D:2)
  10 kobolds (D:2)
  A frilled lizard (D:2)
  2 rats
25 creatures vanquished.

Vanquished Creatures (others)
  A fungus (D:2)
  7 toadstools (D:2)
8 creatures vanquished.

Grand Total: 33 creatures vanquished

Notes
Turn   | Place    | Note
-------+----------+-------------------------------------------
     0 | D:1      | wolfsongas the Gargoyle Monk began the quest for the Orb.
     0 | D:1      | Reached XP level 1. HP: 14/14 MP: 1/1
   126 | D:1      | You fall into a shaft and drop 1 floor!
   154 | D:2      | Found a glowing silver altar of Zin.
   157 | D:2      | Reached XP level 2. HP: 20/20 MP: 2/2
   158 | D:2      | Became a worshipper of Zin the Law-Giver
   158 | D:2      | Reached * piety under Zin
   158 | D:2      | Reached ** piety under Zin
   189 | D:2      | Found a hazy altar of Hepliaklqana.
   456 | D:2      | Reached skill level 4 in Fighting
   456 | D:2      | Reached XP level 3. HP: 8/24 MP: 3/3
   740 | D:2      | Reached XP level 4. HP: 22/30 MP: 4/4
   746 | D:2      | HP: 1/30 [acid (12)]
   747 | D:2      | Splashed by a jelly's acid

Levels and vault maps discovered:
D:1:      dpeg_arrival_tiny_b, layout_basic, serial_park_tiny_2
D:2:      cheibrodos_fertilizer, layout_basic, zin_statuary, lemuel_round_altar,
          grunt_ministairs_12, mrwooster_statue_mirror, minmay_ruptured

Skill      XL: |  1  2 |
---------------+-------+-----
Fighting       | 4 |  4.7
Maces & Flails | |  3.6
Dodging        | |  2.4
Stealth        | |  2.1

Action                   |  1- 3 |  4- 6 || total
-------------------------+-------+-------++-------
Melee: Mace              |    85 |     7 ||    92
Invok: Recite            |     1 |       ||     1
  Use: Potion            |     1 |       ||     1
 Stab: Distracted        |     1 |       ||     1
Armor: Robe              |    24 |     2 ||    26
Dodge: Dodged            |    59 |     3 ||    62

Table legend:
 A = Non-vault XP
 B = Vault XP
 C = Vault XP percentage of total XP
 D = Non-vault monster count
 E = Vault monster count
 F = Vault count percentage of total count
                 A         B        C        D         E       F
            +---------+---------+-------+---------+---------+-------
      Total |      19 |      71 |  78.9 |      11 |      14 |  56.0
            +---------+---------+-------+---------+---------+-------
        D:1 |       8 |       0 |   0.0 |       4 |       0 |   0.0
        D:2 |      11 |      71 |  86.6 |       7 |      14 |  66.7
            +---------+---------+-------+---------+---------+-------
